 Dungeon Crawl Stone Soup version 0.26.1-11-gd32895ea62 (webtiles) character file.

Game seed: 4987822255000734801

2818 Kukuleta the Gusty (level 9, -10/54 HPs)
             Began as a Tengu Air Elementalist on June 23, 2021.
             Was an Initiate of Sif Muna.
             Killed by divine providence
             ... invoked by an orc priest
              (14 damage)
             ... on level 10 of the Dungeon on June 26, 2021.
             The game lasted 00:51:56 (10721 turns).

Kukuleta the Gusty (Tengu Air Elementalist)        Turns: 10721, Time: 00:51:56

Health: -10/54     AC:  7    Str:  9    XL:     9   Next: 72%
Magic:  0/17       EV: 18    Int: 20    God:    Sif Muna [......]
Gold:   376        SH:  0    Dex: 15    Spells: 11/18 levels left

rFire    x . .     SeeInvis .   h - +4 short sword
rCold    + . .     Faith    .   (no shield)
rNeg     . . .     Spirit   +   r - +1 robe {Will+}
rPois    .         Reflect  .   (helmet restricted)
rElec    .         Harm     .   (no cloak)
rCorr    .         Rampage  .   (no gloves)
Will     +....                  (boots unavailable)
Stlth    ++........             n - amulet of guardian spirit
HPRegen  0.18/turn              t - ring of ice
MPRegen  0.15/turn              x - +4 ring of protection

@: flying quickly and evasively, quick
A: beak, horns 1, talons 3, rugged brown scales 1, clever 1, deformed body, able
to fly
a: Stop Flying, Renounce Religion


You were on level 10 of the Dungeon.
You worshipped Sif Muna.
Sif Muna was noncommittal.
You visited 2 branches of the dungeon, and saw 11 of its levels.

You collected 464 gold pieces.
You spent 88 gold pieces at shops.

Inventory:

Hand Weapons
 c - a +0 club
 h - a +4 short sword (weapon)
Armour
 a - a +0 robe
 o - a cursed +0 pair of boots
 r - a +1 robe of willpower (worn)
 y - a +1 pair of boots
Jewellery
 i - an uncursed ring of protection from fire {unknown}
 n - an amulet of guardian spirit (around neck)
 t - a ring of ice (left hand)
 u - an uncursed ring of poison resistance
 x - a +4 ring of protection (right hand)
Wands
 D - a wand of disintegration (10)
Scrolls
 f - 2 scrolls of teleportation
 g - a scroll of blinking
 j - 3 scrolls of remove curse
 p - a scroll of enchant armour {unknown}
 q - 2 scrolls of immolation
 s - 3 scrolls of enchant weapon
 v - a scroll of amnesia {unknown}
 z - a scroll of magic mapping {unknown}
 A - 2 scrolls of identify
Potions
 b - 3 potions of curing
 d - a potion of might
 k - 3 potions of mutation
 l - a potion of flight {unknown}
 m - a potion of brilliance
 w - a potion of haste
 B - 3 potions of degeneration {unknown}
 C - a potion of berserk rage {unknown}


   Skills:
 + Level 4.8 Fighting
 + Level 6.7 Short Blades
 + Level 5.8 Dodging
 - Level 2.0 Stealth
 - Level 5.0 Spellcasting
 + Level 7.1 Conjurations
 + Level 7.7 Air Magic


You had 11 spell levels left.
You knew the following spells:

 Your Spells              Type           Power        Failure   Level
a - Shock                 Conj/Air       100%         1%          1
b - Swiftness             Air            36%          1%          2
c - Airstrike             Air            18%          4%          4

Your spell library contained the following spells:

 Spells                   Type           Power        Failure   Level
 Static Discharge         Conj/Air       34%          1%          3
 Lightning Bolt           Conj/Air       17%          16%         5


Dungeon Overview and Level Annotations

Branches:
Dungeon (11/15)            Temple (1/1) D:6             Orc (0/2) D:10
   Lair: D:8-11

Altars:
Cheibriados
Dithmenos
Elyvilon
Fedhas
Gozag
Hepliaklqana
Kikubaaqudgha
Makhleb
Nemelex Xobeh
Okawaru
Qazlal
Ru
Sif Muna
Trog
Wu Jian
Xom
Yredelemnul
Zin
The Shining One

Shops:
D:4 [   D:6 ?


Innate Abilities, Weirdness & Mutations

You have a beak for a mouth.
You have claws for feet.
You can fly continuously.
You have a pair of small horns on your head.
You are partially covered in rugged brown scales. (AC +1, +3% HP)
Your mind is acute. (Int +2)
Armour fits poorly on your strangely shaped body.


Message History

The bolt of electricity hits the gargoyle.
The gargoyle resists.
The bolt of electricity hits you!
An orc warrior comes into view. It is wielding a +0 mace.
The gargoyle hurls a stone arrow at you.
The stone arrow hits you!!
* * * LOW HITPOINT WARNING * * *
The electric eel shoots out a bolt of lightning at you!
The bolt of electricity hits you!
* * * LOW HITPOINT WARNING * * *
Blink to where?
Press: ? - help, Dir - move target
As you read the scroll of blinking, it crumbles to dust.
An orc, an orc priest and an orc wizard come into view.
The orc priest shouts!
The orc wizard shouts!
You hear a shout!
The orc warrior shouts!
The orc shouts!
The orc wizard casts a spell.
The orc wizard seems to speed up.
The orc priest mumbles some strange prayers to Beogh against you.
Beogh smites you!
You die...

≈≈≈≈≈≈≈.....≈.≈≈≈≈≈
.≈≈≈≈≈≈≈≈≈≈.≈.≈y≈≈≈
.≈≈≈≈≈≈≈≈≈;§≈y≈≈≈≈≈
.##########.#.#####
#####..#^#
#.........
#o.........
#......S...#
#@....... .#
#......o..
#.....o.. .....>...
..o......
#.........
..........
##........


You could see an orc warrior, a killer bee, an orc priest, an orc wizard (fast),
an adder and an orc.

Vanquished Creatures
  A wyvern (D:2)
  Sigmund (D:6)
  A sky beast (D:5)
  An ice beast (D:6)
  2 phantoms (D:4)
  4 ogres
  3 centaurs
  3 bullfrogs
  A wyvern zombie (D:7)
  3 scorpions
  5 killer bees (D:8)
  5 wights
  A bullfrog zombie (D:6)
  2 hounds
  3 bullfrog skeletons
  3 orc priests
  6 orc wizards
  An iguana (D:5)
  Natasha (twice) (D:4)
  7 adders
  4 gnolls (D:5)
  A howler monkey skeleton (D:4)
  2 shadow imps
  2 white imps
  An ufetubus (D:5)
  A worm (D:2)
  3 dart slugs
  6 leopard geckos
  21 orcs
  3 ball pythons
  6 bats
  2 giant cockroaches
  11 goblins
  6 hobgoblins
  8 jackals
  5 kobolds
  A quokka (D:3)
  3 frilled lizards
  A quokka skeleton (D:5)
  6 rats (D:1)
148 creatures vanquished.

Notes
Turn   | Place    | Note
-------+----------+-------------------------------------------
     0 | D:1      | Kukuleta the Tengu Air Elementalist began the quest for the
                  | Orb.
     0 | D:1      | Reached XP level 1. HP: 10/10 MP: 4/4
   197 | D:1      | Reached XP level 2. HP: 16/16 MP: 4/6
   271 | D:1      | Learned a level 2 spell: Swiftness
  1075 | D:1      | Reached XP level 3. HP: 17/20 MP: 7/7
  1604 | D:2      | Reached skill level 1 in Short Blades
  1625 | D:2      | Found a shadowy altar of Dithmenos.
  1658 | D:2      | Reached skill level 1 in Fighting
  2567 | D:2      | Reached XP level 4. HP: 25/25 MP: 4/8
  3121 | D:3      | Gained mutation: You can fly continuously. [Tengu growth]
  3121 | D:3      | Reached XP level 5. HP: 30/30 MP: 6/9
  3174 | D:3      | Noticed a wyvern
  3212 | D:2      | Killed a wyvern
  3213 | D:2      | Reached skill level 5 in Air Magic
  3213 | D:2      | Reached XP level 6. HP: 8/36 MP: 1/10
  3877 | D:4      | Found Puceofux's Antique Armour Shoppe.
  3894 | D:4      | HP: 1/36 [centaur/arrow (6)]
  4420 | D:4      | Bought a runed robe for 88 gold pieces
  4457 | D:4      | Noticed a phantom
  4497 | D:4      | Killed a phantom
  4498 | D:4      | Reached XP level 7. HP: 41/41 MP: 2/11
  5076 | D:4      | Reached skill level 5 in Short Blades
  5217 | D:4      | Learned a level 4 spell: Airstrike
  5455 | D:4      | Noticed Natasha
  5458 | D:4      | Killed Natasha
  5773 | D:4      | Noticed Natasha
  5780 | D:4      | Killed Natasha
  5781 | D:4      | Reached XP level 8. HP: 40/47 MP: 7/12
  5894 | D:5      | Entered Level 5 of the Dungeon
  6686 | D:5      | Found a basalt altar of Yredelemnul.
  7238 | D:6      | Found a staircase to the Ecumenical Temple.
  7248 | D:6      | Reached skill level 5 in Conjurations
  7259 | Temple   | Entered the Ecumenical Temple
  7412 | Temple   | Became a worshipper of Sif Muna the Loreminder
  7871 | D:6      | Noticed Sigmund
  7890 | D:6      | Killed Sigmund
  7891 | D:6      | Reached skill level 5 in Spellcasting
  7891 | D:6      | Reached XP level 9. HP: 49/52 MP: 7/17
  7914 | D:6      | Gained mutation: Your mind is acute. (Int +2) [potion of
                  | mutation]
  7914 | D:6      | Gained mutation: Armour fits poorly on your strangely
                  | shaped body. [potion of mutation]
  7914 | D:6      | Gained mutation: You are partially covered in rugged brown
                  | scales. (AC +1, +3% HP) [potion of mutation]
  7914 | D:6      | Gained mutation: You have a pair of small horns on your
                  | head. [potion of mutation]
  8002 | D:6      | Found Nosu's Magic Scroll Emporium.
  8143 | D:6      | Reached skill level 5 in Dodging
  9621 | D:7      | Found a bloodstained altar of Trog.
 10521 | D:8      | HP: 1/53 [something (8)]
 10703 | D:8      | You are sucked into a shaft and drop 3 floors!
 10704 | D:11     | Noticed a manticore
 10713 | D:10     | Entered Level 10 of the Dungeon
 10716 | D:10     | Noticed a gargoyle
 10721 | D:10     | Found a staircase to the Orcish Mines.
 10721 | D:10     | Killed from afar by an orc priest

Illustrated notes

Levels and vault maps discovered:
D:1:      erik_arrival_cave_to_civilisation [erik_arrival_cave_to_hall],
          layout_basic
D:2:      layout_basic, lemuel_doored_altar
D:3:      layout_rooms, serial_rivers, chequers_serial_rivers_room_a,
          chequers_serial_rivers_large_a, chequers_serial_rivers_marsh,
          chequers_serial_rivers_room_b, chequers_serial_rivers_micro_d,
          chequers_serial_rivers_small_b
D:4:      layout_basic, serial_shops, shop, fountainhead, minmay_misc_feat_x,
          uniq_natasha
D:5:      layout_basic, nicolae_overflow_crystal_walls, serial_corexii_hall,
          chequers_hall_statues_corner_a, chequers_hall_statues_wall_a
D:6:      layout_gridville, minmay_temple_entry_sparse_star, serial_shops, shop,
          uniq_sigmund
D:7:      layout_loops_cross, marbit_many_paths, kennysheep_cross_room
D:8:      layout_basic, gammafunk_temple_overflow_elements
D:10:     layout_basic, dpeg_oklobed_lair, david_orc_3, serial_shops,
          kennysheep_mini_moat
D:11:     layout_cave_pools
Temple:   eino_temple_rhombus

Skill      XL: |  1  2  3  4  5  6  7  8  9 |
---------------+----------------------------+-----
Short Blades   | 1 2 3 4 5 6 |  6.7
Fighting       | 1 2 3 4 |  4.8
Dodging        | 3 4 5 |  5.8
Air Magic      | 5 6 7 |  7.7
Conjurations   | 6 7 |  7.1
Spellcasting   | 5 |  5.0
Stealth        | |  2.0

Action                   |  1- 3 |  4- 6 |  7- 9 || total
-------------------------+-------+-------+-------++-------
Melee: Unarmed           |     6 |       |       ||     6
       Peck              |     4 |     8 |    34 ||    46
       Short sword       |    32 |    32 |   251 ||   315
       Kick              |     6 |     4 |    51 ||    61
       Headbutt          |       |       |     8 ||     8
 Cast: Shock             |    45 |    60 |   136 ||   241
       Swiftness         |       |     1 |     2 ||     3
       Airstrike         |       |       |     5 ||     5
 Abil: Fly               |       |     1 |       ||     1
  Use: Scroll            |     3 |       |    10 ||    13
       Potion            |       |     2 |     7 ||     9
 Stab: Sleeping          |     1 |       |       ||     1
Armor: Robe              |     2 |     5 |    38 ||    45
Dodge: Dodged            |    24 |    40 |   197 ||   261
